Workbook
Name _Toc528238224: #REF!
Name _Toc528238224: #REF!
Name _Toc528238224: #REF!
Name _Toc528238224: #REF!

Sheet 2019
B2: 3. CASH-FLOW
B3: Nr. crt. | C3: Explicaţii / lună | D3: 2019
D4: Luna 1 | E4: Luna 2 | F4: Luna 3 | G4: Luna 4 | H4: Luna 5 | I4: Luna 6 | J4: Luna 7 | K4: Luna 8 | L4: Luna 9 | M4: Luna 10 | N4: Luna 11 | O4: Luna 12 | P4: Total 2019
B5: I | C5: Sold iniţial disponibil (casă şi bancă) | D5: 0 | E5: 0 | F5: 0 | G5: 0 | H5: 0 | I5: 0 | J5: 0 | K5: 0 | L5: 0 | M5: 0 | N5: 0 | O5: 0 | P5: =SUM(D5:O5) -> 0
B6: A | C6: Intrări de lichidităţi (1+2+3+4) | D6: 0 | E6: =SUM(E7:E10) -> 0 | F6: 130250 | G6: =SUM(G7:G10) -> 0 | H6: =SUM(H7:H10) -> 8000 | I6: =SUM(I7:I10) -> 12000 | J6: =SUM(J7:J10) -> 12000 | K6: =SUM(K7:K10) -> 12000 | L6: =SUM(L7:L10) -> 12000 | M6: =SUM(M7:M10) -> 12000 | N6: =SUM(N7:N10) -> 55417 | O6: =SUM(O7:O10) -> 13046 | P6: =SUM(D6:O6) -> 266713
B7: 1 | C7: din vânzări | D7: 0 | E7: 0 | F7: 0 | G7: 0 | H7: 8000 | I7: 12000 | J7: 12000 | K7: 12000 | L7: 12000 | M7: 12000 | N7: 12000 | O7: 13046 | P7: =SUM(D7:O7) -> 93046
B8: 2 | C8: din credite primite | D8: 0 | E8: 0 | F8: 0 | G8: 0 | H8: 0 | I8: 0 | J8: 0 | K8: 0 | L8: 0 | M8: 0 | N8: 0 | O8: 0 | P8: =SUM(D8:O8) -> 0
B9: 3 | C9: alte intrări de numerar (aport propriu, etc.) | D9: 0 | E9: 0 | F9: 0 | G9: 0 | H9: 0 | I9: 0 | J9: 0 | K9: 0 | L9: 0 | M9: 0 | N9: 0 | O9: 0 | P9: =SUM(D9:O9) -> 0
B10: 4 | C10: Alocaţie Financiară nerambursabilă | D10: 0 | E10: 0 | F10: 130250 | G10: 0 | H10: 0 | I10: 0 | J10: 0 | K10: 0 | L10: 0 | M10: 0 | N10: 43417 | O10: 0 | P10: =SUM(D10:O10) -> 173667
C11: Total disponibil (I+A) | D11: 0 | E11: =E5+E6 -> 0 | F11: 130250 | G11: =G5+G6 -> 0 | H11: =H5+H6 -> 8000 | I11: =I5+I6 -> 12000 | J11: =J5+J6 -> 12000 | K11: =K5+K6 -> 12000 | L11: =L5+L6 -> 12000 | M11: =M5+M6 -> 12000 | N11: =N5+N6 -> 55417 | O11: =O5+O6 -> 13046 | P11: =SUM(D11:O11) -> 266713
B12: B | C12: Utilizari numerar din exploatare | D12: =SUM(D13:D20) -> 0 | E12: 0 | F12: =SUM(F13:F20) -> 16117 | G12: =SUM(G13:G20) -> 12180 | H12: =SUM(H13:H20) -> 10808 | I12: =SUM(I13:I20) -> 10808 | J12: =SUM(J13:J20) -> 10808 | K12: =SUM(K13:K20) -> 10808 | L12: =SUM(L13:L20) -> 10808 | M12: =SUM(M13:M20) -> 11472 | ... O12: =SUM(O13:O20) -> 16624 | P12: 123853
B13: 1 | C13: Cheltuieli cu materii prime şi materiale consumabile aferente activităţii desfaşurate | D13: 0 | E13: 0 | F13: 6026 | G13: 2303 | H13: 1431 | I13: 1431 | J13: 1431 | K13: 1431 | L13: 1431 | M13: 1431 | N13: 1431 | O13: 1430 | P13: =SUM(D13:O13) -> 19776
B14: 2 | C14: Salarii (inclusiv cheltuielile aferente) | D14: 0 | E14: 0 | F14: 6271 | G14: 6271 | H14: 6271 | I14: 6271 | J14: 6271 | K14: 6271 | L14: 6271 | M14: 6271 | N14: 6271 | O14: 6271 | P14: =SUM(D14:O14) -> 62710
B15: 3 | C15: Chirii | D15: 0 | E15: 0 | F15: 2084 | G15: 2084 | H15: 2084 | I15: 2084 | J15: 2084 | K15: 2084 | L15: 2084 | M15: 2084 | N15: 2084 | O15: 2084 | P15: =SUM(D15:O15) -> 20840
B16: 4 | C16: Utilităţi | D16: 0 | E16: 0 | F16: 380 | G16: 380 | H16: 380 | I16: 380 | J16: 380 | K16: 380 | L16: 380 | M16: 380 | N16: 380 | O16: 381 | P16: 3801
B17: 5 | C17: Costuri funcţionare birou, Cheltuieli de marketing, Servicii cu terţii, Reparaţii/Întreţinere | D17: 0 | E17: 0 | F17: 1356 | G17: 642 | H17: 642 | I17: 642 | J17: 642 | K17: 642 | L17: 642 | M17: 1306 | N17: 3254 | O17: 5268 | P17: =SUM(D17:O17) -> 15036
B18: 6 | C18: Asigurări | D18: 0 | E18: 0 | F18: 0 | G18: 0 | H18: 0 | I18: 0 | J18: 0 | K18: 0 | L18: 0 | M18: 0 | N18: 0 | O18: 0 | P18: =SUM(D18:O18) -> 0
B19: 7 | C19: Impozite, taxe şi vărsăminte asimilate | D19: 0 | E19: 0 | F19: 0 | G19: 500 | H19: 0 | I19: 0 | J19: 0 | K19: 0 | L19: 0 | M19: 0 | N19: 0 | O19: 1190 | P19: =SUM(D19:O19) -> 1690
B20: 8 | C20: Alte cheltuieli | D20: 0 | E20: 0 | F20: 0 | G20: 0 | H20: 0 | I20: 0 | J20: 0 | K20: 0 | L20: 0 | M20: 0 | N20: 0 | O20: 0 | P20: =SUM(D20:O20) -> 0
B21: C | C21: Cheltuieli pentru investiţii (Valoarea totală a proiectului) | D21: 0 | E21: 0 | F21: 27763 | G21: 46999 | H21: 11898 | I21: 11898 | J21: 11898 | K21: 11898 | L21: 11898 | M21: 11999 | N21: 13661 | O21: 17713 | P21: =SUM(D21:O21) -> 177625
B22: D | C22: Credite | D22: =SUM(D23+D24) -> 0 | E22: =SUM(E23+E24) -> 0 | F22: =SUM(F23+F24) -> 0 | G22: =SUM(G23+G24) -> 0 | H22: =SUM(H23+H24) -> 0 | I22: =SUM(I23+I24) -> 0 | J22: =SUM(J23+J24) -> 0 | K22: =SUM(K23+K24) -> 0 | ... O22: =SUM(O23+O24) -> 0 | P22: =SUM(D22:O22) -> 0
C23: rambursări rate de credit scadente | D23: 0 | E23: 0 | F23: 0 | G23: 0 | H23: 0 | I23: 0 | J23: 0 | K23: 0 | L23: 0 | M23: 0 | N23: 0 | O23: 0 | P23: =SUM(D23:O23) -> 0
C24: dobânzi şi comisioane | D24: 0 | E24: 0 | F24: 0 | G24: 0 | H24: 0 | I24: 0 | J24: 0 | K24: 0 | L24: 0 | M24: 0 | N24: 0 | O24: 0 | P24: =SUM(D24:O24) -> 0
B25: E | C25: Plăţi/încasări pentru impozite şi taxe (1-2+3) | D25: =D26-D27+D28 -> 0 | E25: =E26-E27+E28 -> 0 | F25: =F26-F27+F28 -> 0 | G25: =G26-G27+G28 -> 0 | H25: =H26-H27+H28 -> 0 | I25: =I26-I27+I28 -> 0 | J25: =J26-J27+J28 -> 0 | K25: =K26-K27+K28 -> 0 | ... O25: =O26-O27+O28 -> 0 | P25: =SUM(D25:O25) -> 0
B26: 1 | C26: Plăţi TVA | D26: 0 | E26: 0 | F26: 0 | G26: 0 | H26: 0 | I26: 0 | J26: 0 | K26: 0 | L26: 0 | M26: 0 | N26: 0 | O26: 0 | P26: =SUM(D26:O26) -> 0
B27: 2 | C27: Rambursări TVA | D27: 0 | E27: 0 | F27: 0 | G27: 0 | H27: 0 | I27: 0 | J27: 0 | K27: 0 | L27: 0 | M27: 0 | N27: 0 | O27: 0 | P27: =SUM(D27:O27) -> 0
B28: 3 | C28: Impozit pe profit/cifră de afaceri | D28: 0 | E28: 0 | F28: 0 | G28: 0 | H28: 0 | I28: 0 | J28: 0 | K28: 0 | L28: 0 | M28: 0 | N28: 0 | O28: 0 | P28: =SUM(D28:O28) -> 0
B29: F | C29: Dividende | D29: 0 | E29: 0 | F29: 0 | G29: 0 | H29: 0 | I29: 0 | J29: 0 | K29: 0 | L29: 0 | M29: 0 | N29: 0 | O29: 0 | P29: =SUM(D29:O29) -> 0
B30: G | C30: Total utilizări numerar (B+C+D+E+F) | D30: =D12+D21+D22+D25+D29 -> 0 | E30: =E12+E21+E22+E25+E29 -> 0 | F30: =F12+F21+F22+F25+F29 -> 43880 | G30: =G12+G21+G22+G25+G29 -> 59179 | H30: =H12+H21+H22+H25+H29 -> 22706 | I30: =I12+I21+I22+I25+I29 -> 22706 | J30: =J12+J21+J22+J25+J29 -> 22706 | K30: =K12+K21+K22+K25+K29 -> 22706 | ... O30: =O12+O21+O22+O25+O29 -> 34337 | P30: =SUM(D30:O30) -> 301478
B31: H | C31: Flux net de lichidităţi (A-G) | D31: =D6-D30 -> 0 | E31: =E6-E30 -> 0 | F31: =F6-F30 -> 86370 | G31: =G6-G30 -> -59179 | H31: =H6-H30 -> -14706 | I31: =I6-I30 -> -10706 | J31: =J6-J30 -> -10706 | K31: =K6-K30 -> -10706 | ... O31: =O6-O30 -> -21291 | P31: =SUM(D31:O31) -> -34765
B32: II | C32: Sold final disponibil (I+H) | D32: =D5-D31 -> 0 | E32: =E5-E31 -> 0 | F32: =F5-F31 -> -86370 | G32: =G5-G31 -> 59179 | H32: =H5-H31 -> 14706 | I32: =I5-I31 -> 10706 | J32: =J5-J31 -> 10706 | K32: =K5-K31 -> 10706 | ... O32: =O5-O31 -> 21291 | P32: =SUM(D32:O32) -> 34765

Sheet 2020
B2: 3. CASH-FLOW
B3: Nr. crt. | C3: Explicaţii / lună | D3: 2020
D4: Luna 1 | E4: Luna 2 | F4: Luna 3 | G4: Luna 4 | H4: Luna 5 | I4: Luna 6 | J4: Luna 7 | K4: Luna 8 | L4: Luna 9 | M4: Luna 10 | N4: Luna 11 | O4: Luna 12 | P4: Total 2020
B5: I | C5: Sold iniţial disponibil (casă şi bancă) | D5: 34765 | E5: 0 | F5: 0 | G5: 0 | H5: 0 | I5: 0 | J5: 0 | K5: 0 | L5: 0 | M5: 0 | N5: 0 | O5: 0 | P5: =SUM(D5:O5) -> 34765
B6: A | C6: Intrări de lichidităţi (1+2+3+4) | D6: =SUM(D7:D10) -> 2120 | E6: =SUM(E7:E10) -> 21120 | F6: =SUM(F7:F10) -> 21120 | G6: =SUM(G7:G10) -> 21120 | H6: =SUM(H7:H10) -> 21120 | I6: =SUM(I7:I10) -> 21120 | J6: =SUM(J7:J10) -> 21120 | K6: =SUM(K7:K10) -> 21120 | ... O6: =SUM(O7:O10) -> 21120 | P6: =SUM(D6:O6) -> 234440
B7: 1 | C7: din vânzări | D7: 2120 | E7: 21120 | F7: 21120 | G7: 21120 | H7: 21120 | I7: 21120 | J7: 21120 | K7: 21120 | L7: 21120 | M7: 21120 | N7: 21120 | O7: 21120 | P7: =SUM(D7:O7) -> 234440
B8: 2 | C8: din credite primite | D8: 0 | E8: 0 | F8: 0 | G8: 0 | H8: 0 | I8: 0 | J8: 0 | K8: 0 | L8: 0 | M8: 0 | N8: 0 | O8: 0 | P8: =SUM(D8:O8) -> 0
B9: 3 | C9: alte intrări de numerar (aport propriu, etc.) | D9: 0 | E9: 0 | F9: 0 | G9: 0 | H9: 0 | I9: 0 | J9: 0 | K9: 0 | L9: 0 | M9: 0 | N9: 0 | O9: 0 | P9: =SUM(D9:O9) -> 0
B10: 4 | C10: Alocaţie Financiară nerambursabilă | D10: 0 | E10: 0 | F10: 0 | G10: 0 | H10: 0 | I10: 0 | J10: 0 | K10: 0 | L10: 0 | M10: 0 | N10: 0 | O10: 0 | P10: =SUM(D10:O10) -> 0
C11: Total disponibil (I+A) | D11: =D5+D6 -> 36885 | E11: =E5+E6 -> 21120 | F11: =F5+F6 -> 21120 | G11: =G5+G6 -> 21120 | H11: =H5+H6 -> 21120 | I11: =I5+I6 -> 21120 | J11: =J5+J6 -> 21120 | K11: =K5+K6 -> 21120 | ... O11: =O5+O6 -> 21120 | P11: =SUM(D11:O11) -> 269205
B12: B | C12: Utilizari numerar din exploatare | D12: =SUM(D13:D20) -> 20348 | E12: =SUM(E13:E20) -> 16145 | F12: =SUM(F13:F20) -> 16145 | G12: =SUM(G13:G20) -> 16145 | H12: =SUM(H13:H20) -> 16818 | I12: =SUM(I13:I20) -> 16818 | J12: =SUM(J13:J20) -> 16818 | K12: =SUM(K13:K20) -> 16818 | ... O12: =SUM(O13:O20) -> 20288 | P12: =SUM(D12:O12) -> 206797
B13: 1 | C13: Cheltuieli cu materii prime şi materiale consumabile aferente activităţii desfaşurate | D13: 4831 | E13: 1342 | F13: 1342 | G13: 1342 | H13: 1342 | I13: 1342 | J13: 1342 | K13: 1342 | L13: 1342 | M13: 1342 | N13: 1342 | O13: 1342 | P13: =SUM(D13:O13) -> 19593
B14: 2 | C14: Salarii (inclusiv cheltuielile aferente) | D14: 12272 | E14: 12272 | F14: 12272 | G14: 12272 | H14: 12272 | I14: 12272 | J14: 12272 | K14: 12272 | L14: 12272 | M14: 12272 | N14: 12272 | O14: 12272 | P14: =SUM(D14:O14) -> 147264
B15: 3 | C15: Chirii | D15: 1757 | E15: 1757 | F15: 1757 | G15: 1757 | H15: 2430 | I15: 2430 | J15: 2430 | K15: 2430 | L15: 2430 | M15: 2430 | N15: 2430 | O15: 2430 | P15: 26468
B16: 4 | C16: Utilităţi | D16: 238 | E16: 238 | F16: 238 | G16: 238 | H16: 238 | I16: 238 | J16: 238 | K16: 238 | L16: 238 | M16: 238 | N16: 238 | O16: 238 | P16: =SUM(D16:O16) -> 2856
B17: 5 | C17: Costuri funcţionare birou, Cheltuieli de marketing, Servicii cu terţii, Reparaţii/Întreţinere | D17: 1250 | E17: 536 | F17: 536 | G17: 536 | H17: 536 | I17: 536 | J17: 536 | K17: 536 | L17: 536 | M17: 536 | N17: 536 | O17: 4006 | P17: =SUM(D17:O17) -> 10616
B18: 6 | C18: Asigurări | D18: 0 | E18: 0 | F18: 0 | G18: 0 | H18: 0 | I18: 0 | J18: 0 | K18: 0 | L18: 0 | M18: 0 | N18: 0 | O18: 0 | P18: =SUM(D18:O18) -> 0
B19: 7 | C19: Impozite, taxe şi vărsăminte asimilate | D19: 0 | E19: 0 | F19: 0 | G19: 0 | H19: 0 | I19: 0 | J19: 0 | K19: 0 | L19: 0 | M19: 0 | N19: 0 | O19: 0 | P19: =SUM(D19:O19) -> 0
B20: 8 | C20: Alte cheltuieli | D20: 0 | E20: 0 | F20: 0 | G20: 0 | H20: 0 | I20: 0 | J20: 0 | K20: 0 | L20: 0 | M20: 0 | N20: 0 | O20: 0 | P20: =SUM(D20:O20) -> 0
B21: C | C21: Cheltuieli pentru investiţii (Valoarea totală a proiectului) | D21: 24971 | E21: 22424 | F21: 20568 | G21: 20568 | H21: 20568 | I21: 205680 | J21: 20568 | K21: 20568 | L21: 20568 | M21: 20568 | N21: 20568 | O21: 24138 | P21: =SUM(D21:O21) -> 441757
B22: D | C22: Credite | D22: =SUM(D23+D24) -> 0 | E22: =SUM(E23+E24) -> 0 | F22: =SUM(F23+F24) -> 0 | G22: =SUM(G23+G24) -> 0 | H22: =SUM(H23+H24) -> 0 | I22: =SUM(I23+I24) -> 0 | J22: =SUM(J23+J24) -> 0 | K22: =SUM(K23+K24) -> 0 | ... O22: =SUM(O23+O24) -> 0 | P22: =SUM(D22:O22) -> 0
C23: rambursări rate de credit scadente | D23: 0 | E23: 0 | F23: 0 | G23: 0 | H23: 0 | I23: 0 | J23: 0 | K23: 0 | L23: 0 | M23: 0 | N23: 0 | O23: 0 | P23: =SUM(D23:O23) -> 0
C24: dobânzi şi comisioane | D24: 0 | E24: 0 | F24: 0 | G24: 0 | H24: 0 | I24: 0 | J24: 0 | K24: 0 | L24: 0 | M24: 0 | N24: 0 | O24: 0 | P24: =SUM(D24:O24) -> 0
B25: E | C25: Plăţi/încasări pentru impozite şi taxe (1-2+3) | D25: =D26-D27+D28 -> 0 | E25: =E26-E27+E28 -> 0 | F25: =F26-F27+F28 -> 0 | G25: =G26-G27+G28 -> 0 | H25: =H26-H27+H28 -> 0 | I25: =I26-I27+I28 -> 0 | J25: =J26-J27+J28 -> 0 | K25: =K26-K27+K28 -> 0 | ... O25: =O26-O27+O28 -> 0 | P25: =SUM(D25:O25) -> 0
B26: 1 | C26: Plăţi TVA | D26: 0 | E26: 0 | F26: 0 | G26: 0 | H26: 0 | I26: 0 | J26: 0 | K26: 0 | L26: 0 | M26: 0 | N26: 0 | O26: 0 | P26: =SUM(D26:O26) -> 0
B27: 2 | C27: Rambursări TVA | D27: 0 | E27: 0 | F27: 0 | G27: 0 | H27: 0 | I27: 0 | J27: 0 | K27: 0 | L27: 0 | M27: 0 | N27: 0 | O27: 0 | P27: =SUM(D27:O27) -> 0
B28: 3 | C28: Impozit pe profit/cifră de afaceri | D28: 0 | E28: 0 | F28: 0 | G28: 0 | H28: 0 | I28: 0 | J28: 0 | K28: 0 | L28: 0 | M28: 0 | N28: 0 | O28: 0 | P28: =SUM(D28:O28) -> 0
B29: F | C29: Dividende | D29: 0 | E29: 0 | F29: 0 | G29: 0 | H29: 0 | I29: 0 | J29: 0 | K29: 0 | L29: 0 | M29: 0 | N29: 0 | O29: 0 | P29: =SUM(D29:O29) -> 0
B30: G | C30: Total utilizări numerar (B+C+D+E+F) | D30: =D12+D21+D22+D25+D29 -> 45319 | E30: =E12+E21+E22+E25+E29 -> 38569 | F30: =F12+F21+F22+F25+F29 -> 36713 | G30: =G12+G21+G22+G25+G29 -> 36713 | H30: =H12+H21+H22+H25+H29 -> 37386 | I30: =I12+I21+I22+I25+I29 -> 222498 | J30: =J12+J21+J22+J25+J29 -> 37386 | K30: =K12+K21+K22+K25+K29 -> 37386 | ... O30: =O12+O21+O22+O25+O29 -> 44426 | P30: =SUM(D30:O30) -> 648554
B31: H | C31: Flux net de lichidităţi (A-G) | D31: =D6-D30 -> -43199 | E31: =E6-E30 -> -17449 | F31: =F6-F30 -> -15593 | G31: =G6-G30 -> -15593 | H31: =H6-H30 -> -16266 | I31: =I6-I30 -> -201378 | J31: =J6-J30 -> -16266 | K31: =K6-K30 -> -16266 | ... O31: =O6-O30 -> -23306 | P31: =SUM(D31:O31) -> -414114
B32: II | C32: Sold final disponibil (I+H) | D32: =D5-D31 -> 77964 | E32: =E5-E31 -> 17449 | F32: =F5-F31 -> 15593 | G32: =G5-G31 -> 15593 | H32: =H5-H31 -> 16266 | I32: =I5-I31 -> 201378 | J32: =J5-J31 -> 16266 | K32: =K5-K31 -> 16266 | ... O32: =O5-O31 -> 23306 | P32: =SUM(D32:O32) -> 448879

Sheet 2021
B2: 3. CASH-FLOW
B3: Nr. crt. | C3: Explicaţii / lună | D3: 2021
D4: Luna 1 | E4: Luna 2 | F4: Luna 3 | G4: Luna 4 | H4: Luna 5 | I4: Luna 6 | J4: Luna 7 | K4: Luna 8 | L4: Luna 9 | M4: Luna 10 | N4: Luna 11 | O4: Luna 12 | P4: Total 2021
B5: I | C5: Sold iniţial disponibil (casă şi bancă) | D5: 448779 | E5: 0 | F5: 0 | G5: 0 | H5: 0 | I5: 0 | J5: 0 | K5: 0 | L5: 0 | M5: 0 | N5: 0 | O5: 0 | P5: =SUM(D5:O5) -> 448779
B6: A | C6: Intrări de lichidităţi (1+2+3+4) | D6: =SUM(D7:D10) -> 36960 | E6: =SUM(E7:E10) -> 36960 | F6: =SUM(F7:F10) -> 36960 | G6: =SUM(G7:G10) -> 36960 | H6: =SUM(H7:H10) -> 36960 | I6: =SUM(I7:I10) -> 36960 | J6: =SUM(J7:J10) -> 36960 | K6: =SUM(K7:K10) -> 36960 | ... O6: =SUM(O7:O10) -> 36960 | P6: =SUM(D6:O6) -> 443520
B7: 1 | C7: din vânzări | D7: 36960 | E7: 36960 | F7: 36960 | G7: 36960 | H7: 36960 | I7: 36960 | J7: 36960 | K7: 36960 | L7: 36960 | M7: 36960 | N7: 36960 | O7: 36960
B8: 2 | C8: din credite primite | D8: 0 | E8: 0 | F8: 0 | G8: 0 | H8: 0 | I8: 0 | J8: 0 | K8: 0 | L8: 0 | M8: 0 | N8: 0 | O8: 0 | P8: =SUM(D8:O8) -> 0
B9: 3 | C9: alte intrări de numerar (aport propriu, etc.) | D9: 0 | E9: 0 | F9: 0 | G9: 0 | H9: 0 | I9: 0 | J9: 0 | K9: 0 | L9: 0 | M9: 0 | N9: 0 | O9: 0 | P9: =SUM(D9:O9) -> 0
B10: 4 | C10: Alocaţie Financiară nerambursabilă | D10: 0 | E10: 0 | F10: 0 | G10: 0 | H10: 0 | I10: 0 | J10: 0 | K10: 0 | L10: 0 | M10: 0 | N10: 0 | O10: 0 | P10: =SUM(D10:O10) -> 0
C11: Total disponibil (I+A) | D11: =D5+D6 -> 485739 | E11: =E5+E6 -> 36960 | F11: =F5+F6 -> 36960 | G11: =G5+G6 -> 36960 | H11: =H5+H6 -> 36960 | I11: =I5+I6 -> 36960 | J11: =J5+J6 -> 36960 | K11: =K5+K6 -> 36960 | ... O11: =O5+O6 -> 36960 | P11: =SUM(D11:O11) -> 892299
B12: B | C12: Utilizari numerar din exploatare | D12: =SUM(D13:D20) -> 34830 | E12: =SUM(E13:E20) -> 29980 | F12: =SUM(F13:F20) -> 29980 | G12: =SUM(G13:G20) -> 29980 | H12: =SUM(H13:H20) -> 29980 | I12: =SUM(I13:I20) -> 29980 | J12: =SUM(J13:J20) -> 29980 | K12: =SUM(K13:K20) -> 29980 | ... O12: =SUM(O13:O20) -> 29980 | P12: =SUM(D12:O12) -> 364610
B13: 1 | C13: Cheltuieli cu materii prime şi materiale consumabile aferente activităţii desfaşurate | D13: 9658 | E13: 5522 | F13: 5522 | G13: 5522 | H13: 5522 | I13: 5522 | J13: 5522 | K13: 5522 | L13: 5522 | M13: 5522 | N13: 5522 | O13: 5522 | P13: 70400
B14: 2 | C14: Salarii (inclusiv cheltuielile aferente) | D14: 21473 | E14: 21473 | F14: 21473 | G14: 21473 | H14: 21473 | I14: 21473 | J14: 21473 | K14: 21473 | L14: 21473 | M14: 21473 | N14: 21473 | O14: 21473 | P14: =SUM(D14:O14) -> 257676
B15: 3 | C15: Chirii | D15: 1724 | E15: 1724 | F15: 1724 | G15: 1724 | H15: 1724 | I15: 1724 | J15: 1724 | K15: 1724 | L15: 1724 | M15: 1724 | N15: 1724 | O15: 1724 | P15: =SUM(D15:O15) -> 20688
B16: 4 | C16: Utilităţi | D16: 238 | E16: 238 | F16: 238 | G16: 238 | H16: 238 | I16: 238 | J16: 238 | K16: 238 | L16: 238 | M16: 238 | N16: 238 | O16: 238 | P16: =SUM(D16:O16) -> 2856
B17: 5 | C17: Costuri funcţionare birou, Cheltuieli de marketing, Servicii cu terţii, Reparaţii/Întreţinere | D17: 1737 | E17: 1023 | F17: 1023 | G17: 1023 | H17: 1023 | I17: 1023 | J17: 1023 | K17: 1023 | L17: 1023 | M17: 1023 | N17: 1023 | O17: 1023 | P17: =SUM(D17:O17) -> 12990
B18: 6 | C18: Asigurări | D18: 0 | E18: 0 | F18: 0 | G18: 0 | H18: 0 | I18: 0 | J18: 0 | K18: 0 | L18: 0 | M18: 0 | N18: 0 | O18: 0 | P18: =SUM(D18:O18) -> 0
B19: 7 | C19: Impozite, taxe şi vărsăminte asimilate | D19: 0 | E19: 0 | F19: 0 | G19: 0 | H19: 0 | I19: 0 | J19: 0 | K19: 0 | L19: 0 | M19: 0 | N19: 0 | O19: 0 | P19: =SUM(D19:O19) -> 0
B20: 8 | C20: Alte cheltuieli | D20: 0 | E20: 0 | F20: 0 | G20: 0 | H20: 0 | I20: 0 | J20: 0 | K20: 0 | L20: 0 | M20: 0 | N20: 0 | O20: 0 | P20: =SUM(D20:O20) -> 0
B21: C | C21: Cheltuieli pentru investiţii (Valoarea totală a proiectului) | D21: 36968 | E21: 34064 | F21: 32208 | G21: 32208 | H21: 32208 | I21: 32208 | J21: 32208 | K21: 32208 | L21: 32208 | M21: 32208 | N21: 32208 | O21: 32208 | P21: =SUM(D21:O21) -> 393112
B22: D | C22: Credite | D22: =SUM(D23+D24) -> 0 | E22: =SUM(E23+E24) -> 0 | F22: =SUM(F23+F24) -> 0 | G22: =SUM(G23+G24) -> 0 | H22: =SUM(H23+H24) -> 0 | I22: =SUM(I23+I24) -> 0 | J22: =SUM(J23+J24) -> 0 | K22: =SUM(K23+K24) -> 0 | ... O22: =SUM(O23+O24) -> 0 | P22: =SUM(D22:O22) -> 0
C23: rambursări rate de credit scadente | D23: 0 | E23: 0 | F23: 0 | G23: 0 | H23: 0 | I23: 0 | J23: 0 | K23: 0 | L23: 0 | M23: 0 | N23: 0 | O23: 0 | P23: =SUM(D23:O23) -> 0
C24: dobânzi şi comisioane | D24: 0 | E24: 0 | F24: 0 | G24: 0 | H24: 0 | I24: 0 | J24: 0 | K24: 0 | L24: 0 | M24: 0 | N24: 0 | O24: 0 | P24: =SUM(D24:O24) -> 0
B25: E | C25: Plăţi/încasări pentru impozite şi taxe (1-2+3) | D25: =D26-D27+D28 -> 0 | E25: =E26-E27+E28 -> 0 | F25: =F26-F27+F28 -> 0 | G25: =G26-G27+G28 -> 0 | H25: =H26-H27+H28 -> 0 | I25: =I26-I27+I28 -> 0 | J25: =J26-J27+J28 -> 0 | K25: =K26-K27+K28 -> 0 | ... O25: =O26-O27+O28 -> 0 | P25: =SUM(D25:O25) -> 0
B26: 1 | C26: Plăţi TVA | D26: 0 | E26: 0 | F26: 0 | G26: 0 | H26: 0 | I26: 0 | J26: 0 | K26: 0 | L26: 0 | M26: 0 | N26: 0 | O26: 0 | P26: =SUM(D26:O26) -> 0
B27: 2 | C27: Rambursări TVA | D27: 0 | E27: 0 | F27: 0 | G27: 0 | H27: 0 | I27: 0 | J27: 0 | K27: 0 | L27: 0 | M27: 0 | N27: 0 | O27: 0 | P27: =SUM(D27:O27) -> 0
B28: 3 | C28: Impozit pe profit/cifră de afaceri | D28: 0 | E28: 0 | F28: 0 | G28: 0 | H28: 0 | I28: 0 | J28: 0 | K28: 0 | L28: 0 | M28: 0 | N28: 0 | O28: 0 | P28: =SUM(D28:O28) -> 0
B29: F | C29: Dividende | P29: =SUM(D29:O29) -> 0
B30: G | C30: Total utilizări numerar (B+C+D+E+F) | D30: =D12+D21+D22+D25+D29 -> 71798 | E30: =E12+E21+E22+E25+E29 -> 64044 | F30: =F12+F21+F22+F25+F29 -> 62188 | G30: =G12+G21+G22+G25+G29 -> 62188 | H30: =H12+H21+H22+H25+H29 -> 62188 | I30: =I12+I21+I22+I25+I29 -> 62188 | J30: =J12+J21+J22+J25+J29 -> 62188 | K30: =K12+K21+K22+K25+K29 -> 62188 | ... O30: =O12+O21+O22+O25+O29 -> 62188 | P30: =SUM(D30:O30) -> 757722
B31: H | C31: Flux net de lichidităţi (A-G) | D31: =D6-D30 -> -34838 | E31: =E6-E30 -> -27084 | F31: =F6-F30 -> -25228 | G31: =G6-G30 -> -25228 | H31: =H6-H30 -> -25228 | I31: =I6-I30 -> -25228 | J31: =J6-J30 -> -25228 | K31: =K6-K30 -> -25228 | ... O31: =O6-O30 -> -25228 | P31: =SUM(D31:O31) -> -314202
B32: II | C32: Sold final disponibil (I+H) | D32: =D5-D31 -> 483617 | E32: =E5-E31 -> 27084 | F32: =F5-F31 -> 25228 | G32: =G5-G31 -> 25228 | H32: =H5-H31 -> 25228 | I32: =I5-I31 -> 25228 | J32: =J5-J31 -> 25228 | K32: =K5-K31 -> 25228 | ... O32: =O5-O31 -> 25228 | P32: =SUM(D32:O32) -> 762981

Sheet Cash flow centralizat
B2: 3. CASH-FLOW
B3: Nr. crt. | C3: Explicaţii / lună
D4: AN 2019 | E4: AN 2020 | F4: AN 2021
B5: I | C5: Sold iniţial disponibil (casă şi bancă) | D5: ='2019'!P5 -> 0 | E5: ='2020'!P5 -> 34765 | F5: ='2021'!P5 -> 448779
B6: A | C6: Intrări de lichidităţi (1+2+3+4) | D6: ='2019'!P6 -> 266713 | E6: ='2020'!P6 -> 234440 | F6: ='2021'!P6 -> 443520
B7: 1 | C7: din vânzări | D7: ='2019'!P7 -> 93046 | E7: ='2020'!P7 -> 234440 | F7: ='2021'!P7 -> 0
B8: 2 | C8: din credite primite | D8: ='2019'!P8 -> 0 | E8: ='2020'!P8 -> 0 | F8: ='2021'!P8 -> 0
B9: 3 | C9: alte intrări de numerar (aport propriu, etc.) | D9: ='2019'!P9 -> 0 | E9: ='2020'!P9 -> 0 | F9: ='2021'!P9 -> 0
B10: 4 | C10: Alocaţie Financiară nerambursabilă | D10: ='2019'!P10 -> 173667 | E10: ='2020'!P10 -> 0 | F10: ='2021'!P10 -> 0
C11: Total disponibil (I+A) | D11: ='2019'!P11 -> 266713 | E11: ='2020'!P11 -> 269205 | F11: ='2021'!P11 -> 892299
B12: B | C12: Utilizari numerar din exploatare | D12: ='2019'!P12 -> 123853 | E12: ='2020'!P12 -> 206797 | F12: ='2021'!P12 -> 364610
B13: 1 | C13: Cheltuieli cu materii prime şi materiale consumabile aferente activităţii desfaşurate | D13: ='2019'!P13 -> 19776 | E13: ='2020'!P13 -> 19593 | F13: 70400
B14: 2 | C14: Salarii (inclusiv cheltuielile aferente) | D14: ='2019'!P14 -> 62710 | E14: ='2020'!P14 -> 147264 | F14: ='2021'!P14 -> 257676
B15: 3 | C15: Chirii | D15: ='2019'!P15 -> 20840 | E15: ='2020'!P15 -> 26468 | F15: ='2021'!P15 -> 20688
B16: 4 | C16: Utilităţi | D16: 3801 | E16: ='2020'!P16 -> 2856 | F16: ='2021'!P16 -> 2856
B17: 5 | C17: Costuri funcţionare birou, Cheltuieli de marketing, Servicii cu terţii, Reparaţii/Întreţinere | D17: ='2019'!P17 -> 15036 | E17: ='2020'!P17 -> 10616 | F17: ='2021'!P17 -> 12990
B18: 6 | C18: Asigurări | D18: ='2019'!P18 -> 0 | E18: ='2020'!P18 -> 0 | F18: ='2021'!P18 -> 0
B19: 7 | C19: Impozite, taxe şi vărsăminte asimilate | D19: ='2019'!P19 -> 1690 | E19: ='2020'!P19 -> 0 | F19: ='2021'!P19 -> 0
B20: 8 | C20: Alte cheltuieli | D20: ='2019'!P20 -> 0 | E20: ='2020'!P20 -> 0 | F20: ='2021'!P20 -> 0
B21: C | C21: Cheltuieli pentru investiţii (Valoarea totală a proiectului) | D21: ='2019'!P21 -> 177625 | E21: ='2020'!P21 -> 441757 | F21: ='2021'!P21 -> 393112
B22: D | C22: Credite | D22: ='2019'!P22 -> 0 | E22: ='2020'!P22 -> 0 | F22: ='2021'!P22 -> 0
C23: rambursări rate de credit scadente | D23: ='2019'!P23 -> 0 | E23: ='2020'!P23 -> 0 | F23: ='2021'!P23 -> 0
C24: dobânzi şi comisioane | D24: ='2019'!P24 -> 0 | E24: ='2020'!P24 -> 0 | F24: ='2021'!P24 -> 0
B25: E | C25: Plăţi/încasări pentru impozite şi taxe (1-2+3) | D25: ='2019'!P25 -> 0 | E25: ='2020'!P25 -> 0 | F25: ='2021'!P25 -> 0
B26: 1 | C26: Plăţi TVA | D26: ='2019'!P26 -> 0 | E26: ='2020'!P26 -> 0 | F26: ='2021'!P26 -> 0
B27: 2 | C27: Rambursări TVA | D27: ='2019'!P27 -> 0 | E27: ='2020'!P27 -> 0 | F27: ='2021'!P27 -> 0
B28: 3 | C28: Impozit pe profit/cifră de afaceri | D28: ='2019'!P28 -> 0 | E28: ='2020'!P28 -> 0 | F28: ='2021'!P28 -> 0
B29: F | C29: Dividende | D29: ='2019'!P29 -> 0 | E29: ='2020'!P29 -> 0 | F29: ='2021'!P29 -> 0
B30: G | C30: Total utilizări numerar (B+C+D+E+F) | D30: ='2019'!P30 -> 301478 | E30: ='2020'!P30 -> 648554 | F30: ='2021'!P30 -> 757722
B31: H | C31: Flux net de lichidităţi (A-G) | D31: ='2019'!P31 -> -34765 | E31: ='2020'!P31 -> -414114 | F31: ='2021'!P31 -> -314202
B32: II | C32: Sold final disponibil (I+H) | D32: ='2019'!P32 -> 34765 | E32: ='2020'!P32 -> 448879 | F32: ='2021'!P32 -> 762981
